Map: Deathaura LE

Players

TeebuL - Winner!

  • Race: Protoss Protoss
  • Spawn Location: 5:00

Probe

  • Race: Protoss Protoss
  • Spawn Location: 11:00

Event: DreamHack SC2 Masters 2020 Winter

VOD

Have the link to the VOD?

Description

Time

  • Played on: Oct. 21, 2020, 5:44 a.m.
  • Length: 18:31

All games in this series

Show
View Real Time Build Order
Export as new Build Order

TeebuL Protoss - Winner!

Build Orders: 1 Gate Expand, Oracle Opening 

Get SALT Encoding   

  12  0:00  Probe  
  13  0:12  Probe  
  14  0:18  Pylon  
  14  0:24  Probe  
  15  0:36  Probe (Chrono Boost)  
  15  0:37  Gateway  
  16  0:47  Assimilator, Probe (Chrono Boost)  
  17  0:52  Probe (Chrono Boost)  
  18  1:03  Probe  
  19  1:20  Nexus  
  19  1:25  Probe  
  20  1:31  Cybernetics Core  
  20  1:37  Probe  
  20  1:39  Assimilator  
  21  1:49  Probe  
  21  1:50  Pylon  
  22  2:01  Probe  
  22  2:08  Adept (Chrono Boost)  
  25  2:15  Stargate  
  25  2:16  Probe  
  25  2:22  Pylon  
  26  2:28  Probe  
  27  2:32  Stalker (Chrono Boost)  
  29  2:40  Warp Gate  
  29  2:41  Probe  
  29  2:43  Probe  
  30  2:50  Shield Battery  
  30  2:53  Void Ray (Chrono Boost)  
  34  3:06  Shield Battery  
  34  3:07  Probe  
  35  3:26  Oracle (Chrono Boost)  
  35  3:32  Probe (Chrono Boost)  
  38  3:34  Probe (Chrono Boost)  
  39  3:43  Probe (Chrono Boost)  
  39  3:44  Probe (Chrono Boost)  
  40  3:49  Probe x2 (Chrono Boost)  
  40  3:52  Gateway  
  42  3:56  Pylon  
  42  3:59  Probe x2  
  44  4:07  Pylon  
  44  4:11  Probe (Chrono Boost)  
  44  4:14  Oracle  
  49  4:20  Probe (Chrono Boost)  
  49  4:23  Pylon, Probe (Chrono Boost)  
  50  4:29  Probe (Chrono Boost)  
  50  4:30  Probe (Chrono Boost)  
  52  4:37  Probe  
  53  4:40  Probe  
  54  4:46  Stalker  
  54  4:49  Probe  
  54  4:50  Twilight Council  
  54  4:52  Assimilator, Probe  
  58  4:53  Pylon  
  53  5:01  Probe (Chrono Boost)  
  53  5:03  Stalker  
  52  5:08  Probe (Chrono Boost)  
  52  5:13  Probe (Chrono Boost)  
  53  5:16  Stalker  
  53  5:18  Probe x2 (Chrono Boost)  
  57  5:26  Gateway  
  57  5:27  Gateway  
  57  5:28  Probe x2  
  59  5:33  Stalker  
  61  5:38  Blink (Chrono Boost)  
  61  5:40  Probe  
  61  5:41  Nexus  
  62  5:47  Probe  
  62  5:49  Pylon  
  63  5:55  Stalker  
  65  6:03  Probe  
  65  6:04  Probe  
  64  6:05  Stalker  
  66  6:15  Probe  
  66  6:16  Probe  
  65  6:19  Stalker  
  67  6:27  Forge, Probe  
  67  6:29  Dark Shrine  
  67  6:30  Stalker x2  
  72  6:33  Probe  
  72  6:37  Pylon  
  73  6:43  Stalker x2  
  76  6:47  Probe (Chrono Boost)  
  76  6:48  Probe (Chrono Boost)  
  79  6:58  Probe (Chrono Boost)  
  79  6:59  Probe (Chrono Boost)  
  79  7:00  Protoss Ground Weapons Level 1 (Chrono Boost), Probe (Chrono Boost)  
  81  7:02  Stalker  
  81  7:07  Probe (Chrono Boost)  
  85  7:09  Probe (Chrono Boost)  
  85  7:10  Probe (Chrono Boost)  
  85  7:11  Gateway  
  86  7:18  Gateway  
  86  7:19  Gateway  
  86  7:23  Photon Cannon  
  86  7:26  Photon Cannon  
  86  7:27  Probe  
  86  7:28  Probe  
  82  7:54  Probe  
  82  7:56  Probe  
  84  7:58  Probe  
  84  7:59  Dark Templar x3  
  91  8:06  Probe  
  91  8:08  Probe  
  91  8:09  Assimilator, Pylon  
  91  8:10  Charge  
  91  8:11  Assimilator  
  91  8:12  Photon Cannon  
  93  8:14  Gateway  
  93  8:15  Robotics Facility  
  93  8:18  Pylon  
  93  8:20  Stalker  
  93  8:22  Probe x2  
  93  8:25  Probe  
  93  8:26  Assimilator  
  98  8:30  Stalker x2  
  99  8:38  Stalker x2  
  101  8:42  Probe x2  
  101  8:43  Probe  
  101  8:44  Shield Battery  
  104  8:51  Stalker x2  
  104  8:52  Stalker  
  110  8:59  Warp Prism (Chrono Boost)  
  110  9:01  Pylon  
  110  9:03  Protoss Ground Weapons Level 2 (Chrono Boost)  
  110  9:04  Sentry  
  110  9:07  Pylon  
  110  9:09  Nexus  
  112  9:11  Pylon  
  112  9:20  Stalker x3  
  118  9:25  Stalker x2  
  118  9:26  Pylon  
  122  9:34  Stalker x3  
  122  9:37  Probe  
  122  9:38  Probe x2  
  130  9:50  Probe x2  
  129  9:56  Probe  
  129  9:58  Zealot x6  
  129  9:59  Photon Cannon  
  142  10:03  Probe  
  142  10:04  Pylon  
  143  10:19  Dark Templar x4  
  143  10:20  Dark Templar  
  153  10:27  Zealot x3  
  159  10:41  Robotics Facility, Probe  
  159  10:42  Robotics Bay, Probe  
  161  10:43  Assimilator  
  161  10:45  Assimilator  
  161  10:46  Photon Cannon  
  161  10:48  Photon Cannon  
  155  11:07  Zealot x7  
  161  11:23  Shadow Stride (Chrono Boost)  
  151  11:30  Disruptor x2 (Chrono Boost)  
  151  11:33  Protoss Ground Weapons Level 3 (Chrono Boost)  
  151  11:37  Probe x3  
  151  11:38  Gravitic Boosters  
  154  11:41  Stalker x8  
  170  12:03  Probe  
  170  12:05  Stalker x3, Nexus  
  170  12:08  Pylon x2  
  175  12:11  Pylon  
  175  12:12  Pylon  
  175  12:14  Pylon  
  175  12:20  Photon Cannon  
  175  12:21  Pylon  
  175  12:22  Shield Battery  
  175  12:26  Observer  
  176  12:37  Stalker x8  
  188  12:46  Disruptor (Chrono Boost)  
  188  12:47  Disruptor (Chrono Boost)  
  189  13:03  Nexus  
  184  13:05  Stalker x3  
  184  13:06  Stalker x5  
  200  13:17  Pylon  
  200  13:25  Pylon  
  199  13:39  Gateway, Observer  
  199  13:40  Gateway  
  200  13:43  Gateway  
  188  13:58  Disruptor  
  169  14:07  Dark Templar x4  
  175  14:14  Dark Templar x4  
  175  14:16  Pylon  
  183  14:31  Observer  
  184  14:45  Shield Battery  
  178  14:46  Pylon  
  174  14:55  Dark Templar x10  
  174  14:56  Dark Templar  
  182  15:18  Photon Cannon  
  182  15:19  Photon Cannon x2  
  173  15:39  Dark Templar x4  
  173  15:40  Zealot x3  
  173  15:58  Disruptor  
  173  16:00  Pylon  
  173  16:02  Pylon  
  173  16:03  Pylon  
  169  16:05  Nexus  
  169  16:06  Photon Cannon  
  159  16:26  Photon Cannon, Zealot x8  
  159  16:27  Photon Cannon  
  159  16:28  Photon Cannon  
  159  16:31  Cybernetics Core  
  174  16:34  Observer  
  175  16:42  Photon Cannon  
  159  17:02  Zealot x10  
  175  17:12  Robotics Bay, Observer (Chrono Boost)  
  175  17:14  Robotics Facility  
  162  17:25  Zealot x8  
  169  17:45  Zealot x2  
  169  17:46  Zealot x8  
  155  17:58  Disruptor (Chrono Boost)  
  159  18:06  Observer (Chrono Boost)  
Show
View Real Time Build Order
Export as new Build Order

Probe Protoss 

Build Orders: Oracle Opening 

Get SALT Encoding   

  12  0:00  Probe  
  13  0:12  Probe  
  14  0:17  Pylon  
  14  0:24  Probe (Chrono Boost)  
  15  0:36  Probe (Chrono Boost)  
  15  0:38  Gateway  
  16  0:44  Probe (Chrono Boost)  
  16  0:45  Assimilator  
  17  0:51  Probe  
  17  0:54  Assimilator  
  18  1:03  Probe (Chrono Boost)  
  19  1:12  Gateway, Probe (Chrono Boost)  
  19  1:17  Probe (Chrono Boost)  
  21  1:26  Cybernetics Core  
  21  1:29  Probe  
  22  1:35  Pylon  
  22  1:41  Probe  
  23  1:53  Probe  
  23  2:04  Stalker x2, Warp Gate  
  23  2:06  Probe  
  28  2:10  Pylon  
  28  2:18  Probe  
  29  2:27  Stargate  
  29  2:30  Probe  
  30  2:45  Sentry  
  30  2:48  Probe  
  33  2:56  Nexus  
  33  3:03  Probe  
  34  3:07  Oracle (Chrono Boost)  
  37  3:18  Probe  
  36  3:31  Probe  
  36  3:34  Oracle (Chrono Boost)  
  36  3:38  Pylon  
  39  3:54  Twilight Council  
  39  3:56  Probe  
  40  4:08  Probe  
  41  4:12  Probe  
  42  4:23  Probe (Chrono Boost)  
  43  4:24  Nexus, Probe (Chrono Boost)  
  41  4:33  Probe (Chrono Boost)  
  41  4:37  Probe (Chrono Boost)  
  41  4:48  Probe  
  41  4:50  Probe  
  43  5:00  Probe  
  43  5:03  Probe  
  43  5:05  Blink (Chrono Boost)  
  45  5:12  Probe  
  46  5:15  Probe  
  46  5:19  Stalker  
  49  5:23  Stalker  
  49  5:24  Probe  
  49  5:27  Probe  
  53  5:37  Probe  
  53  5:39  Assimilator, Probe  
  53  5:42  Stalker  
  57  5:44  Probe  
  57  5:49  Probe  
  59  5:51  Probe  
  59  5:52  Gateway  
  59  5:56  Gateway, Probe  
  61  6:04  Stalker  
  62  6:13  Phoenix  
  62  6:16  Probe (Chrono Boost)  
  65  6:21  Probe (Chrono Boost)  
  65  6:23  Robotics Facility  
  65  6:25  Probe (Chrono Boost)  
  66  6:28  Probe (Chrono Boost)  
  66  6:31  Probe (Chrono Boost)  
  66  6:32  Probe (Chrono Boost)  
  69  6:33  Probe (Chrono Boost)  
  69  6:39  Gateway x2  
  70  6:41  Probe  
  70  6:43  Probe x2  
  70  6:48  Forge  
  70  6:53  Probe  
  71  6:56  Sentry x2  
  77  7:04  Pylon  
  77  7:05  Charge (Chrono Boost), Pylon  
  75  7:10  Gateway, Observer (Chrono Boost)  
  75  7:12  Pylon  
  75  7:15  Gateway  
  76  7:17  Shield Battery  
  76  7:22  Protoss Ground Weapons Level 1  
  76  7:24  Stalker  
  76  7:25  Stalker x2  
  82  7:31  Shield Battery  
  84  7:39  Stalker x2  
  84  7:42  Shield Battery  
  82  7:44  Shield Battery  
  82  7:49  Stalker x2  
  82  7:50  Probe x2  
  81  7:53  Zealot  
  81  7:55  Probe  
  84  8:01  Observer (Chrono Boost)  
  84  8:02  Probe x2  
  87  8:08  Probe  
  87  8:09  Photon Cannon  
  88  8:13  Photon Cannon  
  88  8:14  Probe x2  
  88  8:17  Stalker  
  92  8:20  Probe  
  92  8:26  Probe  
  92  8:27  Probe  
  95  8:32  Probe  
  95  8:33  Robotics Bay  
  93  8:38  Photon Cannon, Probe  
  93  8:39  Assimilator x2, Probe  
  95  8:41  Sentry  
  95  8:44  Probe  
  98  8:49  Assimilator  
  98  8:51  Probe x2  
  99  9:01  Pylon x2  
  99  9:05  Robotics Facility  
  99  9:07  Pylon  
  99  9:09  Nexus, Pylon  
  99  9:12  Pylon  
  99  9:15  Probe x2  
  99  9:16  Pylon  
  101  9:19  Disruptor (Chrono Boost)  
  101  9:21  Zealot  
  106  9:28  Zealot  
  106  9:31  Probe x2  
  110  9:36  Probe  
  110  9:37  Photon Cannon  
  111  9:39  Photon Cannon  
  111  9:41  Protoss Ground Weapons Level 2 (Chrono Boost)  
  111  9:43  Shield Battery, Probe  
  112  9:48  Disruptor  
  113  9:53  Stalker x2  
  113  9:56  Zealot  
  113  9:58  Zealot  
  121  10:06  Disruptor (Chrono Boost)  
  124  10:09  Stalker  
  126  10:17  Assimilator  
  126  10:20  Assimilator, Stalker x3  
  126  10:21  Stalker  
  130  10:26  Zealot x2  
  130  10:27  Disruptor (Chrono Boost)  
  134  10:29  Shield Battery  
  135  10:38  Disruptor (Chrono Boost)  
  135  10:40  Zealot  
  140  10:47  Shield Battery  
  140  10:48  Shield Battery x2  
  140  10:49  Pylon  
  140  10:55  Photon Cannon  
  140  10:56  Disruptor  
  139  11:10  Photon Cannon  
  137  11:12  Stalker x3  
  137  11:15  Disruptor (Chrono Boost)  
  137  11:17  Probe x3  
  147  11:26  Probe  
  147  11:29  Zealot x2, Probe x2  
  147  11:30  Disruptor (Chrono Boost)  
  155  11:33  Probe  
  155  11:35  Pylon  
  155  11:38  Zealot, Probe  
  159  11:45  Stalker x2  
  163  11:49  Disruptor (Chrono Boost)  
  163  11:50  Pylon  
  163  11:52  Pylon  
  164  11:57  Disruptor (Chrono Boost)  
  164  11:59  Stalker x2  
  171  12:05  Protoss Ground Weapons Level 3 (Chrono Boost)  
  171  12:11  Pylon  
  171  12:12  Stalker x3  
  171  12:13  Pylon  
  171  12:14  Dark Shrine  
  177  12:18  Zealot x3, Observer (Chrono Boost)  
  182  12:30  Disruptor (Chrono Boost)  
  182  12:34  Disruptor (Chrono Boost)  
  188  12:37  Stalker x4  
  193  12:58  Disruptor  
  193  13:02  Nexus  
  193  13:03  Stalker x5  
  200  13:12  Gateway  
  200  13:13  Gateway  
  200  13:14  Photon Cannon, Gateway  
  200  13:25  Pylon  
  198  13:27  Dark Templar  
  198  13:28  Shadow Stride  
  196  13:44  Dark Templar  
  196  13:45  Dark Templar  
  195  13:58  Stalker  
  195  14:06  Observer  
  191  14:16  Pylon  
  189  14:17  Observer  
  189  14:18  Photon Cannon, Observer  
  189  14:19  Photon Cannon, Pylon  
  189  14:24  Nexus  
  187  14:29  Stalker x4  
  195  14:35  Gravitic Boosters  
  195  14:36  Stalker  
  195  14:37  Stalker  
  192  14:55  Stalker x6  
  188  15:07  Disruptor x2  
  188  15:12  Zealot x2  
  198  15:32  Zealot x3  
  198  15:33  Gravitic Drive  
  186  15:44  Observer x2  
  173  16:03  Nexus  
  173  16:04  Nexus  
  159  16:16  Stalker x2  
  159  16:17  Stalker x6  
  175  16:24  Pylon  
  175  16:25  Observer x2 (Chrono Boost)  
  177  16:26  Pylon  
  170  16:37  Observer (Chrono Boost)  
  166  16:42  Stalker x8  
  172  16:59  Disruptor x2  
  137  17:06  Nexus  
  137  17:08  Zealot x7  
  139  17:09  Photon Cannon, Zealot  
  139  17:11  Photon Cannon  
  133  17:32  Dark Templar x8  
Tags
 
Add a new tag
Caveats
  • Supply blocks, unpowered buildings, or Contaminate may cause inaccurate times.
  • Supply counts are checked every 10 seconds.